[Event "CZE-ch Youth G10-G12-G14 2022"]
[Site "Luhacovice"]
[Date "2022.03.18"]
[Round "8.21"]
[White "Vaclavkova Klara"]
[Black "Krisicova Neli"]
[Result "0-1"]
[ECO "D41"]
[WhiteElo "1000"]
[BlackElo "1093"]
[Annotator "NA"]
[PlyCount "102"]
[EventDate "2022.03.12"]
[EventType "swiss"]
[EventCountry "CZE"]
[SourceTitle "playchess.com"]
[Source "ChessBase"]
[SourceQuality "1"]
[TimeControl "40/5400+30:1800+30"]

1. d4 d5 2. c4 e6 3. Nf3 Nf6 4. Nc3 c5 5. cxd5 Nxd5 6. e4 Nxc3 7. bxc3 b6 8. Bf4 Bb7 9. e5 cxd4 10. Qxd4 Qxd4 11. Nxd4 Bc5 12. Bb5+ Ke7 13. Rd1 Bxg2 14. Rg1 Bd5 15. Rxg7 Bxd4 16. Rxd4 h6 17. Bc1 Nd7 18. Rf4 Nxe5 19. Ba3+ Kd8 20. c4 Nd3+ 21. Kd1 Nxf4 22. cxd5 Nxd5 23. Rxf7 Nc3+ 24. Kc1 Nxb5 25. Bb2 Rc8+ 26. Kd1 Rg8 27. Bf6+ Ke8 28. Re7+ Kf8 29. Rxe6 Rg6 30. Be7+ Kf7 31. Re3 Re6 32. Rb3 Kxe7 33. Rxb5 Rc5 34. Rb2 Rg5 35. Kc1 Rg2 36. Kd1 Rxh2 37. Kc1 h5 38. Kb1 Re1+ 39. Kc2 Rxf2+ 40. Kb3 Rxb2+ 41. Kxb2 h4 42. a4 h3 43. Kb3 h2 44. Kb4 h1=Q 45. Kb3 Qf3+ 46. Kb4 Re4+ 47. Kb5 Qf5+ 48. Ka6 Rxa4+ 49. Kb7 Qd7+ 50. Kb8 Rc4 51. Ka8 Rc8# 0-1

[Event "CZE-ch Youth G10-G12-G14 2022"]
[Site "Luhacovice"]
[Date "2022.03.18"]
[Round "8.22"]
[White "Mojzisova Barbora"]
[Black "Kubatova Ema"]
[Result "0-1"]
[ECO "B35"]
[WhiteElo "1089"]
[BlackElo "1183"]
[Annotator "NA"]
[PlyCount "120"]
[EventDate "2022.03.12"]
[EventType "swiss"]
[EventCountry "CZE"]
[SourceTitle "playchess.com"]
[Source "ChessBase"]
[SourceQuality "1"]
[TimeControl "40/5400+30:1800+30"]

1. e4 c5 2. Nf3 Nc6 3. Nc3 g6 4. d4 cxd4 5. Nxd4 Bg7 6. Nxc6 bxc6 7. Bc4 d6 8. Be3 Nf6 9. Bb3 Bd7 10. O-O O-O 11. Re1 Qc7 12. h3 Rfd8 13. Rb1 Rac8 14. Re2 Qb7 15. Rd2 Re8 16. Rd3 c5 17. Bd5 Bc6 18. Bxc6 Qxc6 19. f3 Rb8 20. b3 Nd7 21. Qd2 Rec8 22. Rd1 c4 23. bxc4 Qxc4 24. Nd5 Re8 25. Bxa7 Ra8 26. Bd4 Bxd4+ 27. Rxd4 Qc5 28. Kh2 Rxa2 29. Rc1 Qa5 30. Qxa5 Rxa5 31. Kg3 Rc5 32. f4 Kg7 33. Kf3 Nf6 34. Nxf6 Kxf6 35. g4 h6 36. h4 Rec8 37. Rd2 Rc3+ 38. Ke2 R3c4 39. Ke3 Rc3+ 40. Ke2 Rh3 41. g5+ Kg7 42. gxh6+ Kxh6 43. Rf1 Rxh4 44. Kd3 Rh3+ 45. Ke2 Rh2+ 46. Rf2 Rxf2+ 47. Kxf2 Rc3 48. Re2 Kg7 49. Kg2 Kf6 50. Kf2 e5 51. fxe5+ dxe5 52. Kg2 Kg5 53. Rf2 f5 54. exf5 gxf5 55. Kh2 f4 56. Re2 Kf5 57. Kg1 e4 58. Kf1 f3 59. Rf2 Kf4 60. Ke1 e3 0-1

[Event "CZE-ch Youth G10-G12-G14 2022"]
[Site "Luhacovice"]
[Date "2022.03.18"]
[Round "8.23"]
[White "Nova Anezka"]
[Black "Rezacova Julie"]
[Result "1-0"]
[ECO "C50"]
[WhiteElo "1111"]
[BlackElo "1063"]
[Annotator "NA"]
[PlyCount "82"]
[EventDate "2022.03.12"]
[EventType "swiss"]
[EventCountry "CZE"]
[SourceTitle "playchess.com"]
[Source "ChessBase"]
[SourceQuality "1"]
[TimeControl "40/5400+30:1800+30"]

1. e4 e5 2. Nf3 Nc6 3. d4 exd4 4. Bc4 d6 5. Nxd4 Be7 6. O-O Nf6 7. Nc3 O-O 8. Re1 Nxd4 9. Qxd4 c5 10. Qd3 Qd7 11. Qg3 Nh5 12. Qf3 Qg4 13. Qxg4 Bxg4 14. f3 Be6 15. Bxe6 fxe6 16. Be3 Rad8 17. Rad1 a6 18. Re2 b5 19. Bf2 Nf4 20. Re3 b4 21. Na4 d5 22. exd5 Nxd5 23. Rxe6 Bf6 24. Bxc5 Nf4 25. Rxd8 Rxd8 26. Rxa6 Rd1+ 27. Kf2 Rd8 28. Be3 Nd5 29. Re6 Nxe3 30. Kxe3 Bd4+ 31. Ke4 Bf6 32. Rb6 Rd4+ 33. Ke3 Rc4 34. g4 Bd4+ 35. Kd3 Bxb6 36. Kxc4 Bg1 37. Kxb4 Bxh2 38. c4 g5 39. c5 Kg7 40. c6 Kg6 41. Kb5 h5 1-0

[Event "CZE-ch Youth G10-G12-G14 2022"]
[Site "Luhacovice"]
[Date "2022.03.18"]
[Round "8.24"]
[White "Kubatova Beta"]
[Black "Archlebova Iva"]
[Result "1-0"]
[ECO "C45"]
[WhiteElo "1071"]
[BlackElo "1028"]
[Annotator "NA"]
[PlyCount "36"]
[EventDate "2022.03.12"]
[EventType "swiss"]
[EventCountry "CZE"]
[SourceTitle "playchess.com"]
[Source "ChessBase"]
[SourceQuality "1"]
[TimeControl "40/5400+30:1800+30"]

1. e4 e5 2. Nf3 Nc6 3. d4 exd4 4. Nxd4 Bc5 5. Nb3 Bb6 6. Nc3 d6 7. Bd3 Nf6 8. O-O O-O 9. Bg5 h6 10. Bh4 Be6 11. Re1 Nd4 12. Nxd4 Bxd4 13. Qe2 Bg4 14. Qxg4 Nxg4 15. Bxd8 Raxd8 16. Rf1 Ne5 17. Rad1 Nxd3 18. g4 g6 1-0

[Event "CZE-ch Youth G10-G12-G14 2022"]
[Site "Luhacovice"]
[Date "2022.03.18"]
[Round "8.25"]
[White "Martinkovicova Nela"]
[Black "Archlebova Eva"]
[Result "1/2-1/2"]
[ECO "C34"]
[WhiteElo "1032"]
[BlackElo "1040"]
[Annotator "NA"]
[PlyCount "75"]
[EventDate "2022.03.12"]
[EventType "swiss"]
[EventCountry "CZE"]
[SourceTitle "playchess.com"]
[Source "ChessBase"]
[SourceQuality "1"]
[TimeControl "40/5400+30:1800+30"]

1. e4 e5 2. f4 exf4 3. Nf3 Bc5 4. d4 Bb4+ 5. c3 Bd6 6. e5 Be7 7. Bxf4 d6 8. Bd3 dxe5 9. Bxe5 Bg4 10. Bxg7 Bh4+ 11. g3 Qd5 12. Nbd2 Bg5 13. Ne4 Qe6 14. Nfxg5 Qe7 15. Be2 Nd7 16. Bxh8 Bf5 17. Nf2 Qxg5 18. Qd2 Qe7 19. O-O-O O-O-O 20. Bg4 Bg6 21. Qe1 Qd6 22. Be5 Qd5 23. Rg1 Qxa2 24. Bxd7+ Rxd7 25. Bxc7 Kxc7 26. Qe5+ Rd6 27. Qc5+ Rc6 28. Qe5+ Rd6 29. Qe2 Re6 30. Qf3 Qb3 31. Rd2 Ra6 32. Qf4+ Kb6 33. Qd6+ Kb5 34. Qd7+ Kb6 35. Qd6+ Kb5 36. Qd7+ Kb6 37. Qd6+ Kb5 38. Qd7+ 1/2-1/2

[Event "CZE-ch Youth G10-G12-G14 2022"]
[Site "Luhacovice"]
[Date "2022.03.18"]
[Round "8.26"]
[White "Maresova Denisa"]
[Black "Spetlova Stella"]
[Result "1-0"]
[ECO "A30"]
[WhiteElo "1103"]
[BlackElo "1000"]
[Annotator "NA"]
[PlyCount "50"]
[EventDate "2022.03.12"]
[EventType "swiss"]
[EventCountry "CZE"]
[SourceTitle "playchess.com"]
[Source "ChessBase"]
[SourceQuality "1"]
[TimeControl "40/5400+30:1800+30"]

1. c4 c5 2. Nc3 Nc6 3. g3 b6 4. Bg2 Bb7 5. Nf3 Nf6 6. O-O e6 7. d3 Be7 8. Bf4 O-O 9. Nb5 d6 10. a3 a6 11. Nc3 Nd4 12. e4 Nxf3+ 13. Bxf3 e5 14. Bd2 Bc8 15. Re1 Bh3 16. g4 Qd7 17. Bg5 h6 18. Bxf6 Bxf6 19. Re3 h5 20. gxh5 Bg5 21. Re1 Kh8 22. Nd5 Rg8 23. Nxb6 Qe6 24. Nxa8 Rxa8 25. b4 Bg4 1-0

[Event "CZE-ch Youth G10-G12-G14 2022"]
[Site "Luhacovice"]
[Date "2022.03.18"]
[Round "8.27"]
[White "Havelkova Kamila"]
[Black "Pruskova, Justyna"]
[Result "0-1"]
[ECO "C51"]
[WhiteElo "1092"]
[BlackElo "1003"]
[Annotator "NA"]
[PlyCount "59"]
[EventDate "2022.03.12"]
[EventType "swiss"]
[EventCountry "CZE"]
[SourceTitle "playchess.com"]
[Source "ChessBase"]
[SourceQuality "1"]
[TimeControl "40/5400+30:1800+30"]

1. e4 e5 2. Nf3 Nc6 3. Bc4 Bc5 4. b4 Bxb4 5. c3 Be7 6. d4 Na5 7. Be2 Nf6 8. O-O Nxe4 9. Bd3 d5 10. dxe5 Bg4 11. Qa4+ Nc6 12. Nd4 Nc5 13. Qc2 Nxd3 14. Qxd3 Nxd4 15. Qxd4 Be6 16. Bf4 Bg5 17. Bg3 O-O 18. f4 Bh4 19. f5 Bxg3 20. hxg3 Bd7 21. Qg4 h6 22. Nd2 Bb5 23. f6 g6 24. Rf2 Qd7 25. Qh4 Kh7 26. g4 g5 27. Qh5 Bd3 28. g3 Bg6 29. Qh3 Kg8 30. Rh2 0-1

[Event "CZE-ch Youth G10-G12-G14 2022"]
[Site "Luhacovice"]
[Date "2022.03.18"]
[Round "8.28"]
[White "Zezulova Sara"]
[Black "Kubickova Linda"]
[Result "1-0"]
[ECO "C00"]
[WhiteElo "1000"]
[BlackElo "1000"]
[Annotator "NA"]
[PlyCount "45"]
[EventDate "2022.03.12"]
[EventType "swiss"]
[EventCountry "CZE"]
[SourceTitle "playchess.com"]
[Source "ChessBase"]
[SourceQuality "1"]
[TimeControl "40/5400+30:1800+30"]

1. e4 e6 2. Nc3 d5 3. e5 Bb4 4. Nf3 Ne7 5. Bd3 O-O 6. O-O d4 7. Ne4 Nf5 8. a3 Be7 9. Qe2 Nc6 10. c3 Qd5 11. Neg5 Bxg5 12. Nxg5 h6 13. Nf3 b6 14. Bxf5 exf5 15. d3 Bb7 16. Bf4 g5 17. Bd2 Nxe5 18. Qxe5 Qd7 19. Nxd4 Rfe8 20. Qb5 c6 21. Qxf5 Qd6 22. Rae1 c5 23. Nf3 1-0

[Event "CZE-ch Youth G10-G12-G14 2022"]
[Site "Luhacovice"]
[Date "2022.03.18"]
[Round "8.29"]
[White "Barteckova, Denisa"]
[Black "Rybackova, Lucie"]
[Result "0-1"]
[ECO "B43"]
[WhiteElo "1323"]
[BlackElo "1612"]
[Annotator "NA"]
[PlyCount "78"]
[EventDate "2022.03.12"]
[EventType "swiss"]
[EventCountry "CZE"]
[SourceTitle "playchess.com"]
[Source "ChessBase"]
[SourceQuality "1"]
[TimeControl "40/5400+30:1800+30"]

1. e4 c5 2. Nf3 e6 3. d4 cxd4 4. Nxd4 a6 5. Nc3 Qc7 6. a3 Nf6 7. Be3 b5 8. Bd3 Bb7 9. f3 Be7 10. O-O d6 11. Na2 O-O 12. Rc1 d5 13. exd5 Nxd5 14. Qe2 Nxe3 15. Qxe3 Bc5 16. b4 Ba7 17. f4 Bd5 18. c4 bxc4 19. Bxc4 Bxc4 20. Rc3 Rd8 21. Rd1 f6 22. Kh1 e5 23. fxe5 Qxe5 24. Qxe5 fxe5 25. Rxc4 exd4 26. Nc1 Nd7 27. Nd3 Rac8 28. Rdc1 Nb6 29. Rc7 Bb8 30. R7c6 Rxc6 31. Rxc6 Nd7 32. Rc1 Ne5 33. Rd1 Nxd3 34. Rxd3 Kf7 35. Kg1 Ba7 36. Kf2 Re8 37. Rh3 d3+ 38. Kf1 d2 39. Rf3+ Kg8 0-1

[Event "CZE-ch Youth G10-G12-G14 2022"]
[Site "Luhacovice"]
[Date "2022.03.18"]
[Round "8.30"]
[White "Dobsa, Emma"]
[Black "Brezikova, Beata"]
[Result "0-1"]
[ECO "C57"]
[WhiteElo "1425"]
[BlackElo "1266"]
[Annotator "NA"]
[PlyCount "60"]
[EventDate "2022.03.12"]
[EventType "swiss"]
[EventCountry "CZE"]
[SourceTitle "playchess.com"]
[Source "ChessBase"]
[SourceQuality "1"]
[TimeControl "40/5400+30:1800+30"]

1. e4 e5 2. Nf3 Nc6 3. Bc4 Nf6 4. Ng5 d5 5. exd5 b5 6. Bf1 Nd4 7. c3 Nxd5 8. cxd4 Qxg5 9. Bxb5+ Kd8 10. O-O Bb7 11. Qf3 Rb8 12. dxe5 Ne3 13. Qh3 Qxg2+ 14. Qxg2 Nxg2 15. d4 Be7 16. d5 Nh4 17. Be2 Ke8 18. Nc3 a6 19. Bf4 g5 20. Bg3 Nf5 21. Rad1 Rd8 22. Rd2 h5 23. h3 Bc5 24. Bh2 Nd4 25. Ne4 Bb6 26. Nf6+ Ke7 27. Bxh5 Rxh5 28. Rxd4 Rxh3 29. Rd2 Rdh8 30. Bg3 Rxg3# 0-1

[Event "CZE-ch Youth G10-G12-G14 2022"]
[Site "Luhacovice"]
[Date "2022.03.18"]
[Round "8.31"]
[White "Zadrapova, Amalie"]
[Black "Dorazilova, Kristyna"]
[Result "1-0"]
[ECO "B07"]
[WhiteElo "1582"]
[BlackElo "1240"]
[Annotator "NA"]
[PlyCount "87"]
[EventDate "2022.03.12"]
[EventType "swiss"]
[EventCountry "CZE"]
[SourceTitle "playchess.com"]
[Source "ChessBase"]
[SourceQuality "1"]
[TimeControl "40/5400+30:1800+30"]

1. e4 d6 2. d4 Nf6 3. Nc3 Nbd7 4. f4 e5 5. Nf3 exd4 6. Qxd4 c6 7. Be3 d5 8. O-O-O c5 9. Qa4 d4 10. Nxd4 cxd4 11. Bxd4 Be7 12. Bxf6 Bxf6 13. e5 Be7 14. Bb5 a6 15. f5 axb5 16. Qxa8 O-O 17. e6 fxe6 18. fxe6 Nb6 19. Rxd8 Nxa8 20. Rxf8+ Bxf8 21. Re1 Be7 22. Nxb5 b6 23. g3 Bb7 24. Kb1 Bc6 25. Nd4 Be8 26. Nf5 Kf8 27. Re3 g6 28. Nxe7 Kxe7 29. Rc3 Kd6 30. Rc8 Nc7 31. c4 g5 32. Kc1 Kc6 33. Rd8 Bg6 34. e7 Bf7 35. b3 Bg6 36. Kb2 Bf7 37. a4 h5 38. Kc3 Bg6 39. Kd2 g4 40. Ke3 Bc2 41. e8=Q+ Nxe8 42. Rxe8 Bxb3 43. Kd4 Bd1 44. Rh8 1-0

[Event "CZE-ch Youth G10-G12-G14 2022"]
[Site "Luhacovice"]
[Date "2022.03.18"]
[Round "8.32"]
[White "Sikorova, Jana"]
[Black "Dominikova, Denisa"]
[Result "1-0"]
[ECO "D08"]
[WhiteElo "1427"]
[BlackElo "1254"]
[Annotator "NA"]
[PlyCount "93"]
[EventDate "2022.03.12"]
[EventType "swiss"]
[EventCountry "CZE"]
[SourceTitle "playchess.com"]
[Source "ChessBase"]
[SourceQuality "1"]
[TimeControl "40/5400+30:1800+30"]

1. d4 d5 2. c4 e5 3. dxe5 d4 4. Nf3 Nc6 5. e4 Nge7 6. Nbd2 Ng6 7. Nb3 Bg4 8. Nbxd4 Ncxe5 9. Be2 Bc5 10. Be3 O-O 11. Nxe5 Nxe5 12. Bxg4 Nxg4 13. Qxg4 Bxd4 14. Rd1 c5 15. O-O Qb6 16. Bxd4 cxd4 17. b3 Rad8 18. Rd3 Rfe8 19. Rfd1 Re6 20. g3 Qc5 21. e5 Qxe5 22. Rxd4 Rxd4 23. Qxd4 Qxd4 24. Rxd4 g6 25. Rd7 Rb6 26. Kf1 Kg7 27. Ke2 Kf6 28. Kd3 Ke6 29. Rc7 Rd6+ 30. Kc2 Rd7 31. Rxd7 Kxd7 32. Kd3 Kd6 33. Kd4 b6 34. b4 f6 35. c5+ bxc5+ 36. bxc5+ Kc6 37. f4 h6 38. Kc4 g5 39. fxg5 fxg5 40. g4 a6 41. a3 a5 42. a4 Kc7 43. Kb5 Kb7 44. Kxa5 Ka7 45. c6 Kb8 46. Kb6 h5 47. gxh5 1-0

[Event "CZE-ch Youth G10-G12-G14 2022"]
[Site "Luhacovice"]
[Date "2022.03.18"]
[Round "8.33"]
[White "Janouskova, Adela"]
[Black "Mikesova, Lenka"]
[Result "1-0"]
[ECO "C44"]
[WhiteElo "1585"]
[BlackElo "1364"]
[Annotator "NA"]
[PlyCount "67"]
[EventDate "2022.03.12"]
[EventType "swiss"]
[EventCountry "CZE"]
[SourceTitle "playchess.com"]
[Source "ChessBase"]
[SourceQuality "1"]
[TimeControl "40/5400+30:1800+30"]

1. e4 e5 2. Nf3 Nc6 3. d4 exd4 4. c3 Nf6 5. e5 Nd5 6. cxd4 d6 7. Bc4 Nb6 8. Bb3 d5 9. Nc3 Bg4 10. Be3 Be7 11. a3 O-O 12. Bc2 Nc4 13. Qd3 g6 14. Bc1 Bf5 15. Qe2 Bxc2 16. Qxc2 Qd7 17. b3 Nb6 18. O-O Nd8 19. Bh6 Re8 20. Nd2 Bf8 21. Bxf8 Rxf8 22. f4 Qg4 23. h3 Qd7 24. f5 gxf5 25. Rxf5 Ne6 26. Qd3 Kh8 27. Raf1 Ng7 28. Rf6 Ne6 29. R1f5 Ng7 30. Rf4 Ne6 31. Rh4 Ng5 32. Nf3 Nxf3+ 33. Qxf3 Rg8 34. Rxh7+ 1-0

[Event "CZE-ch Youth G10-G12-G14 2022"]
[Site "Luhacovice"]
[Date "2022.03.18"]
[Round "8.34"]
[White "Hetfleischova, Elen"]
[Black "Lipovska Viktorie"]
[Result "1-0"]
[ECO "C34"]
[WhiteElo "1363"]
[BlackElo "1189"]
[Annotator "NA"]
[PlyCount "68"]
[EventDate "2022.03.12"]
[EventType "swiss"]
[EventCountry "CZE"]
[SourceTitle "playchess.com"]
[Source "ChessBase"]
[SourceQuality "1"]
[TimeControl "40/5400+30:1800+30"]

1. e4 e5 2. f4 exf4 3. Nf3 Nf6 4. Nc3 d5 5. e5 Ne4 6. d3 Nxc3 7. bxc3 Bg4 8. d4 f6 9. Bxf4 fxe5 10. Bxe5 Nc6 11. Rb1 Nxe5 12. dxe5 b6 13. Bb5+ Bd7 14. O-O Bc5+ 15. Nd4 Bxb5 16. Rxb5 Qd7 17. Rb1 O-O-O 18. a4 h5 19. a5 Rde8 20. Qe2 Kb8 21. Kh1 Bxd4 22. cxd4 Qg4 23. Qd3 Rh6 24. Qb5 Rd8 25. axb6 Rxb6 26. Qd3 Rh8 27. c3 Kb7 28. Rxb6+ axb6 29. Re1 Rh6 30. h3 Qe6 31. Ra1 Kc8 32. Qb5 Qc6 33. Qf1 Qxc3 34. Qf8+ Kb7 1-0

[Event "CZE-ch Youth G10-G12-G14 2022"]
[Site "Luhacovice"]
[Date "2022.03.18"]
[Round "8.35"]
[White "Archlebova, Stela"]
[Black "Cinkova, Vicky"]
[Result "0-1"]
[ECO "B31"]
[WhiteElo "1121"]
[BlackElo "1317"]
[Annotator "NA"]
[PlyCount "88"]
[EventDate "2022.03.12"]
[EventType "swiss"]
[EventCountry "CZE"]
[SourceTitle "playchess.com"]
[Source "ChessBase"]
[SourceQuality "1"]
[TimeControl "40/5400+30:1800+30"]

1. e4 c5 2. Nf3 Nc6 3. Bb5 g6 4. O-O Bg7 5. d3 d6 6. Re1 Bd7 7. Bxc6 bxc6 8. Nc3 Nh6 9. h3 O-O 10. Bd2 f6 11. Qc1 Nf7 12. Ne2 f5 13. exf5 Bxf5 14. Ng3 Bd7 15. h4 e5 16. h5 Bf5 17. Nxf5 gxf5 18. Ng5 Qd7 19. Nxf7 Qxf7 20. Qd1 f4 21. Qg4 Kh8 22. f3 Rg8 23. Qh3 Bf6 24. Re2 Rg3 25. Qf5 Rag8 26. Rf1 Qg7 27. Rff2 Bh4 28. Bxf4 exf4 29. Qxf4 Bf6 30. Kf1 Bd4 31. h6 Qg6 32. Ke1 Bxf2+ 33. Rxf2 Qg5 34. Qxg5 R8xg5 35. Kf1 Re5 36. f4 Re8 37. f5 Rge3 38. Rd2 Rf8 39. Rf2 Rg3 40. f6 Kg8 41. Rf5 Rg6 42. Ke2 Rxg2+ 43. Kd1 Rg6 44. Kd2 Rfxf6 0-1

[Event "CZE-ch Youth G10-G12-G14 2022"]
[Site "Luhacovice"]
[Date "2022.03.18"]
[Round "8.36"]
[White "Kaplanova, Dominika"]
[Black "Vacekova Anita"]
[Result "1-0"]
[ECO "C47"]
[WhiteElo "1269"]
[BlackElo "1000"]
[Annotator "NA"]
[PlyCount "89"]
[EventDate "2022.03.12"]
[EventType "swiss"]
[EventCountry "CZE"]
[SourceTitle "playchess.com"]
[Source "ChessBase"]
[SourceQuality "1"]
[TimeControl "40/5400+30:1800+30"]

1. e4 e5 2. Nf3 Nc6 3. d4 exd4 4. Nxd4 Nf6 5. Nxc6 bxc6 6. Nc3 Bb4 7. Bd3 d5 8. exd5 cxd5 9. O-O O-O 10. Bg5 c6 11. Qf3 Be7 12. h3 Rb8 13. b3 Be6 14. Bf4 Bd6 15. Ne2 c5 16. Rfd1 d4 17. Bxd6 Qxd6 18. Qf4 Qc6 19. c3 dxc3 20. Nxc3 Rb4 21. Qe3 Rd4 22. Rac1 Rfd8 23. Ne2 R4d5 24. Nf4 Rd4 25. Ne2 R4d5 26. Nf4 Rd4 27. Bxh7+ Nxh7 28. Rxd4 Rxd4 29. Qxd4 cxd4 30. Rxc6 Bf5 31. Nd5 Kf8 32. g4 Be6 33. Nf4 Ke7 34. Rc1 g5 35. Ne2 d3 36. Nd4 Bd5 37. Rd1 Be4 38. f3 Bg6 39. Nf5+ Bxf5 40. gxf5 Nf6 41. Rxd3 Nh5 42. Rc3 Kd6 43. Rc4 Nf4 44. Kh2 Nh5 45. Ra4 1-0

[Event "CZE-ch Youth G10-G12-G14 2022"]
[Site "Luhacovice"]
[Date "2022.03.18"]
[Round "8.37"]
[White "Kavanova, Anezka"]
[Black "Stavova, Marketa"]
[Result "1/2-1/2"]
[ECO "C64"]
[WhiteElo "1089"]
[BlackElo "1146"]
[Annotator "NA"]
[PlyCount "110"]
[EventDate "2022.03.12"]
[EventType "swiss"]
[EventCountry "CZE"]
[SourceTitle "playchess.com"]
[Source "ChessBase"]
[SourceQuality "1"]
[TimeControl "40/5400+30:1800+30"]

1. e4 e5 2. Nf3 Nc6 3. Bb5 Bc5 4. O-O d6 5. d4 exd4 6. Nxd4 Nge7 7. Bg5 Bd7 8. Bxc6 bxc6 9. Nf5 f6 10. Nxg7+ Kf7 11. Bh6 Rg8 12. Qh5+ Ng6 13. Nf5 Qb8 14. Bc1 Rh8 15. Nd2 Qb6 16. Nb3 Rae8 17. Bh6 Rhg8 18. Rad1 Rxe4 19. Bc1 Rh8 20. Nh6+ Ke7 21. Nxc5 Qxc5 22. Qxc5 dxc5 23. Rfe1 Re6 24. Be3 Rd8 25. Bxc5+ Ke8 26. Bxa7 Ra8 27. Rxe6+ Bxe6 28. Bd4 Rd8 29. Re1 Rxd4 30. Rxe6+ Kd7 31. Re1 Rd2 32. g3 Rxc2 33. Rb1 Ne5 34. Kg2 Ke6 35. a4 Nc4 36. b3 Nb6 37. a5 Na8 38. b4 Ra2 39. Kf3 Kd5 40. Ng4 f5 41. Ne3+ Ke5 42. Rc1 Ra4 43. Rxc6 Rxb4 44. Rh6 c5 45. Rh5 c4 46. Rxf5+ Kd6 47. h4 c3 48. Rd5+ Kc6 49. Ke2 Nc7 50. Rd3 Nb5 51. a6 Ra4 52. Nc2 Kc5 53. f4 Rxa6 54. f5 Rf6 55. g4 h6 1/2-1/2

[Event "CZE-ch Youth G10-G12-G14 2022"]
[Site "Luhacovice"]
[Date "2022.03.18"]
[Round "8.38"]
[White "Reznickova, Sibyla"]
[Black "Myskova, Veronika"]
[Result "1/2-1/2"]
[ECO "D15"]
[WhiteElo "1304"]
[BlackElo "1117"]
[Annotator "NA"]
[PlyCount "69"]
[EventDate "2022.03.12"]
[EventType "swiss"]
[EventCountry "CZE"]
[SourceTitle "playchess.com"]
[Source "ChessBase"]
[SourceQuality "1"]
[TimeControl "40/5400+30:1800+30"]

1. d4 d5 2. c4 c6 3. Nc3 Nf6 4. Bf4 Bf5 5. Nf3 e6 6. a3 Be7 7. e3 O-O 8. Bd3 Ne4 9. Qc2 Nxc3 10. Bxf5 exf5 11. Qxc3 Bd6 12. O-O-O Bxf4 13. exf4 Nd7 14. Rhg1 Nf6 15. h3 a5 16. Qc2 Qd7 17. Ne5 Qc8 18. g4 fxg4 19. Nxg4 Nxg4 20. Rxg4 f5 21. Rg5 Qe6 22. Rdg1 Rf7 23. c5 Qe4 24. Qd2 Re8 25. h4 Qe2 26. h5 Qxd2+ 27. Kxd2 Re6 28. Re1 Rxe1 29. Kxe1 h6 30. Rg3 Re7+ 31. Re3 Rxe3+ 32. fxe3 Kf7 33. Kf2 Kf6 34. Kf3 g5 35. Kg3 1/2-1/2

[Event "CZE-ch Youth G10-G12-G14 2022"]
[Site "Luhacovice"]
[Date "2022.03.18"]
[Round "8.39"]
[White "Lackova, Ludmila"]
[Black "Svrchokrylova, Ludmila"]
[Result "0-1"]
[ECO "D06"]
[WhiteElo "1167"]
[BlackElo "1024"]
[Annotator "NA"]
[PlyCount "54"]
[EventDate "2022.03.12"]
[EventType "swiss"]
[EventCountry "CZE"]
[SourceTitle "playchess.com"]
[Source "ChessBase"]
[SourceQuality "1"]
[TimeControl "40/5400+30:1800+30"]

1. d4 d5 2. c4 Nf6 3. Nc3 Bf5 4. Bf4 e6 5. e3 Bb4 6. Bd3 Ne4 7. Bxe4 Bxe4 8. f3 Bf5 9. cxd5 exd5 10. Nge2 Nc6 11. O-O Qd7 12. a3 Be7 13. Qd2 O-O-O 14. Rac1 g5 15. Bg3 h5 16. Be5 f6 17. Bg3 h4 18. Be1 g4 19. f4 Rdg8 20. b4 g3 21. h3 Bxh3 22. Kh1 Bxg2+ 23. Kxg2 h3+ 24. Kg1 h2+ 25. Kg2 Qh3+ 26. Kf3 h1=Q+ 27. Rxh1 Qxh1# 0-1

[Event "CZE-ch Youth G10-G12-G14 2022"]
[Site "Luhacovice"]
[Date "2022.03.18"]
[Round "8.40"]
[White "Filipova, Vanesa"]
[Black "Dufkova, Tereza"]
[Result "0-1"]
[ECO "C28"]
[WhiteElo "1146"]
[BlackElo "1014"]
[Annotator "NA"]
[PlyCount "64"]
[EventDate "2022.03.12"]
[EventType "swiss"]
[EventCountry "CZE"]
[SourceTitle "playchess.com"]
[Source "ChessBase"]
[SourceQuality "1"]
[TimeControl "40/5400+30:1800+30"]

1. e4 e5 2. Nc3 Bc5 3. Bc4 Nc6 4. d3 Nf6 5. Bg5 h6 6. Bh4 g5 7. Bg3 d6 8. h3 Qe7 9. Nge2 Be6 10. Bb3 O-O-O 11. Qd2 d5 12. f3 Bb4 13. O-O-O d4 14. Ba4 dxc3 15. Nxc3 Qd6 16. Bxc6 bxc6 17. Qe1 Qc5 18. Bf2 Qa5 19. d4 Bxc3 20. Qxc3 Qxa2 21. Qxc6 Rd6 22. Qa8+ Kd7 23. Qxh8 Qa1+ 24. Kd2 Qa5+ 25. c3 Ke7 26. Ke1 Bb3 27. Rc1 Qa2 28. Qb8 Qxb2 29. Qxc7+ Nd7 30. Be3 Ra6 31. Rh2 Ra1 32. Rxa1 Qe2+ 0-1

[Event "CZE-ch Youth G10-G12-G14 2022"]
[Site "Luhacovice"]
[Date "2022.03.18"]
[Round "8.41"]
[White "Foldynova Julie"]
[Black "Urvalkova Ema"]
[Result "1-0"]
[ECO "D01"]
[WhiteElo "1000"]
[BlackElo "1000"]
[Annotator "NA"]
[PlyCount "62"]
[EventDate "2022.03.12"]
[EventType "swiss"]
[EventCountry "CZE"]
[SourceTitle "playchess.com"]
[Source "ChessBase"]
[SourceQuality "1"]
[TimeControl "40/5400+30:1800+30"]

1. d4 d5 2. Nc3 Nf6 3. Bg5 Bf5 4. e3 Nbd7 5. Bd3 Bxd3 6. cxd3 c6 7. Qf3 e6 8. e4 Be7 9. e5 Ng8 10. Bxe7 Nxe7 11. Nge2 O-O 12. Ng3 g6 13. h4 Nf5 14. Nxf5 exf5 15. Qh3 Re8 16. h5 Nf8 17. g4 fxg4 18. Qxg4 Qa5 19. f4 Kh8 20. hxg6 fxg6 21. f5 Kg7 22. Kd2 Rad8 23. fxg6 hxg6 24. Raf1 Qc7 25. Ne2 Qa5+ 26. Nc3 Qc7 27. a3 c5 28. dxc5 Rxe5 29. d4 Ree8 30. Qh4 g5 31. Qh6+ Kg8 1-0

[Event "CZE-ch Youth G10-G12-G14 2022"]
[Site "Luhacovice"]
[Date "2022.03.18"]
[Round "8.42"]
[White "Zilava Lucie"]
[Black "Koval, Anna"]
[Result "1-0"]
[ECO "C30"]
[WhiteElo "1059"]
[BlackElo "1278"]
[Annotator "NA"]
[PlyCount "59"]
[EventDate "2022.03.12"]
[EventType "swiss"]
[EventCountry "CZE"]
[SourceTitle "playchess.com"]
[Source "ChessBase"]
[SourceQuality "1"]
[TimeControl "40/5400+30:1800+30"]

1. e4 e5 2. Nc3 Nc6 3. Bc4 Bc5 4. d3 d6 5. f4 Nf6 6. Nf3 h6 7. Bd2 Bg4 8. h3 Bh5 9. g4 Bg6 10. Qe2 Nd4 11. Nxd4 Bxd4 12. O-O-O Qe7 13. f5 Bh7 14. g5 Ng8 15. h4 O-O-O 16. Qg2 hxg5 17. hxg5 g6 18. f6 Nxf6 19. gxf6 Qxf6 20. Rdf1 Qe7 21. Bg5 Qd7 22. Bxd8 Qxd8 23. Rxf7 Be3+ 24. Kb1 b6 25. Rhxh7 Rxh7 26. Rxh7 g5 27. Ba6+ Kb8 28. Qh1 Qf6 29. Rh8+ Qxh8 30. Qxh8# 1-0

[Event "CZE-ch Youth G10-G12-G14 2022"]
[Site "Luhacovice"]
[Date "2022.03.19"]
[Round "9.1"]
[White "Vanickova Natalie"]
[Black "Lackova, Lucie"]
[Result "0-1"]
[ECO "C47"]
[WhiteElo "1000"]
[BlackElo "1142"]
[Annotator "NA"]
[PlyCount "38"]
[EventDate "2022.03.12"]
[EventType "swiss"]
[EventCountry "CZE"]
[SourceTitle "playchess.com"]
[Source "ChessBase"]
[SourceQuality "1"]
[TimeControl "40/5400+30:1800+30"]

1. e4 e5 2. Nf3 Nc6 3. d4 exd4 4. Nxd4 Nf6 5. Nc3 Bb4 6. Bg5 O-O 7. Qd2 Nxe4 8. Qe3 Nxg5 9. Bc4 Re8 10. Ne6 Nxe6 11. O-O Bxc3 12. Qxc3 d5 13. Bd3 Ned4 14. Qd2 Bh3 15. Qf4 Bf5 16. Bxf5 Ne2+ 17. Kh1 Nxf4 18. Rad1 Qg5 19. Bd7 Qxg2# 0-1